 Dungeon Sprint DCSS version 0.18.1-8-gdd0e5ea (console) character file.

1279 Dingbat the Grappler (level 8, 0/97 HPs)
             Began as a Troll Monk on June 4, 2016.
             Was a Priest of Makhleb.
             Slain by a demonic crawler (3 damage)
             ... in the Dungeon (Sprint I: "Red Sonja").
             The game lasted 00:02:29 (210 turns).

Dingbat the Grappler (Troll Monk)                    Turns: 210, Time: 00:02:30

Health: 0/97       AC:  5    Str: 21    XL:     8   Next: 29%
Magic:  7/7        EV: 10    Int:  6    God:    Makhleb [***...]
Gold:   445        SH:  0    Dex: 13    Spells: 0 memorised, 7 levels left

rFire  . . .     SeeInvis .       - Unarmed
rCold  . . .     Gourm    +     a - +0 robe
rNeg   . . .     Faith    .     (no shield)
rPois  .         Spirit   .     (helmet restricted)
rElec  .         Dismiss  .     (no cloak)
rCorr  .         Reflect  .     (gloves unavailable)
SustAt .         Harm     .     (boots unavailable)
MR     .....     NoTele   +     (no amulet)
Stlth  +.........               (no ring)
                                (no ring)

@: not resistant to hostile enchantments, very unstealthy
A: unfitting armour, claws 3, fast metabolism 3, gourmand, regeneration 2,
shaggy fur 1, tough skin 2
a: Minor Destruction, Lesser Servant of Makhleb, Renounce Religion


You were in the Dungeon.
You worshipped Makhleb.
Makhleb was most pleased with you.
You were not hungry.

You visited 1 branch You collected 445 gold pieces.

Inventory:

Armour
 a - a +0 robe (worn)
Scrolls
 h - a scroll of blinking
 i - a scroll of recharging {unknown}
Potions
 c - a potion of curing
 d - a potion of heal wounds
 e - a potion of haste
 f - 3 potions of magic
 g - a potion of berserk rage
Comestibles
 b - 2 bread rations


   Skills:
 + Level 11.2 Fighting
 - Level 2.4 Dodging
 - Level 1.1 Stealth
 + Level 13.2 Unarmed Combat


You had 7 spell levels left.
You didn't know any spells.

Dungeon Overview and Level Annotations

Branches:
Dungeon (1/1)

Altars:
Cheibriados
Dithmenos
Elyvilon
Fedhas
Gozag
Kikubaaqudgha
Makhleb
Nemelex Xobeh
Okawaru
Pakellas
Qazlal
Ru
Sif Muna
Trog
Vehumet
Xom
Yredelemnul
Zin
The Shining One
Jiyva

Shops:
D %


Innate Abilities, Weirdness & Mutations

You are too large for most types of armour.
You have claws for hands.
Your metabolism is lightning-fast.
You like to eat raw meat.
You heal very quickly.
You are covered in fur (AC +1).
You have very tough skin (AC +2).


Message History

The demonic crawler hits you.
You barely miss the demonic crawler.
The demonic crawler is heavily wounded.
The demonic crawler barely misses you. The demonic crawler hits you.
The demonic crawler hits you but does no damage. x2
The demonic crawler closely misses you. The demonic crawler hits you.
The demonic crawler barely misses you. The demonic crawler hits you!
* * * LOW HITPOINT WARNING * * *
The demonic crawler hits you.
* * * LOW HITPOINT WARNING * * *
The demonic crawler barely misses you. The demonic crawler hits you!
* * * LOW HITPOINT WARNING * * *
The demonic crawler misses you.
There is an open door, spattered with blood here.
Items here: )) [[ †† The demonic crawler hits you.
* * * LOW HITPOINT WARNING * * *
The demonic crawler hits you but does no damage. x4
The demonic crawler hits you.
You die...

######################
..)..#..'..#__#.@ss..#
).#..').#..'..'.s#s..##+#
####'#####'#__####...'..#
###..#...#.####§§#####..+
__####..##.#§§§§ ##
_.___##'#..+≈≈§
_.∩...'..._#§§§
_..._##_.#'# _____###+#.#


You could see 4 demonic crawlers.

Vanquished Creatures
  2 kobold demonologists (D)
  A slime creature (D)
  Sigmund (D)
  A yak (D)
  A giant eyeball (D)
  An ogre (D)
  A jelly (D)
  Ijyb (D)
9 creatures vanquished.

Notes
Turn   | Place    | Note
--------------------------------------------------------------
     0 | D        | Dingbat the Troll Monk began the quest for the Orb.
     0 | D        | Reached XP level 1. HP: 22/22 MP: 0/0
     1 | D        | Noticed Ijyb
     5 | D        | Killed Ijyb
     5 | D        | Reached skill level 5 in Unarmed Combat
     5 | D        | Reached XP level 2. HP: 28/32 MP: 1/1
     8 | D        | Noticed an ogre
    14 | D        | Killed an ogre
    14 | D        | Reached skill level 7 in Unarmed Combat
    14 | D        | Reached XP level 3. HP: 29/44 MP: 2/2
    14 | D        | Reached XP level 4. HP: 34/52 MP: 3/3
    54 | D        | Noticed Sigmund
    60 | D        | Killed Sigmund
    60 | D        | Reached skill level 9 in Unarmed Combat
    60 | D        | Reached XP level 5. HP: 63/63 MP: 4/4
    60 | D        | Reached XP level 6. HP: 72/72 MP: 5/5
    74 | D        | Found a snail-covered altar of Cheibriados.
    74 | D        | Found a shadowy altar of Dithmenos.
    74 | D        | Noticed a slime creature
    75 | D        | Found a viscous altar of Jiyva.
    75 | D        | Found a blossoming altar of Fedhas.
    80 | D        | Killed a slime creature
    80 | D        | Reached skill level 11 in Unarmed Combat
    95 | D        | Found a deep blue altar of Sif Muna.
    97 | D        | Found a radiant altar of Vehumet.
   125 | D        | Found Fiqugila's Food Emporium.
   125 | D        | Found a white marble altar of Elyvilon.
   125 | D        | Found a stormy altar of Qazlal.
   125 | D        | Found a basalt altar of Yredelemnul.
   125 | D        | Found an iron altar of Okawaru.
   125 | D        | Found a sparkling altar of Nemelex Xobeh.
   125 | D        | Found a shimmering altar of Xom.
   125 | D        | Found an ancient bone altar of Kikubaaqudgha.
   125 | D        | Noticed a yak
   127 | D        | Killed a yak
   127 | D        | Reached XP level 7. HP: 84/84 MP: 6/6
   128 | D        | Found a burning altar of Makhleb.
   128 | D        | Found a sacrificial altar of Ru.
   128 | D        | Found an oddly glowing altar of Pakellas.
   128 | D        | Found a glowing golden altar of the Shining One.
   128 | D        | Found an opulent altar of Gozag.
   128 | D        | Found a glowing silver altar of Zin.
   129 | D        | Found a bloodstained altar of Trog.
   149 | D        | Became a worshipper of Makhleb the Destroyer
   149 | D        | Reached * piety under Makhleb
   149 | D        | Reached ** piety under Makhleb
   181 | D        | Noticed a kobold demonologist
   182 | D        | Noticed a kobold demonologist
   184 | D        | Reached skill level 10 in Fighting
   184 | D        | Reached skill level 12 in Unarmed Combat
   186 | D        | Killed a kobold demonologist
   195 | D        | Killed a kobold demonologist
   195 | D        | Reached *** piety under Makhleb
   195 | D        | Reached skill level 13 in Unarmed Combat
   195 | D        | Reached XP level 8. HP: 93/97 MP: 7/7
   201 | D        | Noticed a demonic crawler
   201 | D        | Noticed a demonic crawler
   201 | D        | Noticed a demonic crawler
   201 | D        | Noticed a demonic crawler
   210 | D        | HP: 3/97 [demonic crawler (6)]
   210 | D        | Slain by a demonic crawler

Skill      XL: |  1  2  3  4  5  6  7 |
---------------+----------------------+-----
Fighting       | 4 6 7 9 11 | 11.2
Unarmed Combat | 5 7 9 11 13 | 13.2
Dodging        | |  2.4
Stealth        | |  1.1

Action                   |  1- 3 |  4- 6 |  7- 9 || total
-------------------------+-------+-------+-------++-------
Melee: Unarmed           |     9 |    13 |    15 ||    37
       Punch             |     1 |       |     3 ||     4
Armor: Robe              |     1 |     1 |     7 ||     9
Dodge: Dodged            |     2 |     3 |    12 ||    17
